 Dungeon Crawl Stone Soup version 0.30-a0-457-g4b7bca3bfa (webtiles) character file.

Game seed: 6855132633793895916

133 Hubris850 the Shield-Bearer (level 4, 0/40 HPs)
             Began as a Minotaur Fighter on Dec 12, 2022.
             Slain by Grinder (6 damage)
             ... on level 3 of the Dungeon.
             The game lasted 00:05:20 (2162 turns).

Hubris850 the Shield-Bearer (Minotaur Fighter)      Turns: 2162, Time: 00:05:20

Health: 0/40       AC:  7    Str: 29    XL:     4   Next: 94%
Magic:  3/3        EV:  9    Int:  5    God:
Gold:   63         SH:  4    Dex:  9    Spells: 3/3 levels left

rFire   . . .      SeeInvis .    h - +2 whip (flame)
rCold   . . .      Faith    .    b - +0 buckler
rNeg    . . .      Spirit   .    a - +0 scale mail
rPois   .          Reflect  .    (helmet restricted)
rElec   .          Harm     .    (no cloak)
rCorr   .          Rampage  .    (no gloves)
Will    .....                    (no boots)
Stlth   ..........               q - amulet of regeneration
HPRegen 1.06/turn                o - +6 ring of strength
MPRegen 0.08/turn                (no ring)

@: no status effects
A: horns 2, retaliatory headbutt
a: no special abilities


You were on level 3 of the Dungeon.
You visited 1 branch of the dungeon, and saw 3 of its levels.

You collected 63 gold pieces.

Inventory:

Hand Weapons
 g - a +0 dagger of venom
 h - a +2 whip of flaming (weapon)
Missiles
 j - 4 poisoned darts (quivered)
 n - 6 boomerangs
Armour
 a - a +0 scale mail (worn)
 b - a +0 buckler (worn)
Jewellery
 o - a +6 ring of strength (left hand)
 q - an amulet of regeneration (around neck)
Scrolls
 d - a scroll of fear {unknown}
 e - a scroll of magic mapping {unknown}
 f - 2 scrolls of identify {unknown}
 i - 2 scrolls of blinking {unknown}
 l - a scroll of enchant weapon {unknown}
 r - a scroll of silence {unknown}
Potions
 k - a potion of berserk rage {unknown}
 m - a potion of haste {unknown}
 p - a potion of brilliance {unknown}


   Skills:
 - Level 4.0 Fighting
 - Level 4.0 Armour
 - Level 5.0 Shields
 + Level 4.3 Unarmed Combat


You had 3 spell levels left.
You didn't know any spells.
Your spell library was empty.

Dungeon Overview and Level Annotations

Branches:
Dungeon (3/15)

Altars:

Annotations:
D:3 Grinder


Innate Abilities, Weirdness & Mutations

You have a pair of horns on your head.
You reflexively headbutt those who attack you in melee.


Message History

Grinder hits you but does no damage.
You whack Grinder! You burn Grinder.
Grinder is moderately wounded.
Grinder gestures at you. Pain shoots through your body!
You hit Grinder. You burn Grinder.
Grinder is heavily wounded.
Grinder blinks!
Grinder gestures at you. Pain shoots through your body!
Grinder gestures at you. You resist with significant effort.
You hit Grinder. You burn Grinder.
Grinder is heavily wounded.
Grinder hits you but does no damage.
You hit Grinder. You burn Grinder.
Grinder is severely wounded.
Grinder hits you!
You barely miss Grinder.
Grinder is severely wounded.
Grinder says, "You look like you could use a good racking."
Grinder hits you.
You writhe in agony.
You closely miss Grinder.
Grinder is severely wounded.
Grinder hits you.
You writhe in agony.
* * * LOW HITPOINT WARNING * * *
You closely miss Grinder.
Grinder is severely wounded.
Grinder says, "At least Makhleb appreciates what I'm doing."
Grinder closely misses you.
You barely miss Grinder. Your headbutt misses Grinder.
Grinder is severely wounded.
Grinder hits you.
* * * LOW HITPOINT WARNING * * *
You writhe in agony.
* * * LOW HITPOINT WARNING * * *
You closely miss Grinder.
Grinder is severely wounded.
Grinder hits you.
You die...

#.###.##.#..#####<....
###...†.................
#............#######....
#.#.###.##.#.# #####
##.# #.##.#.#
#...>###.##.#.#
#.......#.# #
#...#.?.....#... #
#...@.)...$.
#.##5..##... #.# #...#
.. ..# #...# . #.. .....
#. .#..$# + ##.# .#


You could see Grinder.

Vanquished Creatures
  Natasha (D:3)
  Robin (D:2)
  3 adders
  3 worms (D:2)
  A dart slug (D:2)
  An orc (D:3)
  3 endoplasms
  2 giant cockroaches (D:1)
  11 goblins
  5 hobgoblins
  4 jackals
  3 quokkas
  6 ball pythons
  2 bats (D:1)
  8 kobolds
  4 rats
58 creatures vanquished.

Notes
Turn   | Place    | Note
-------+----------+-------------------------------------------
     0 | D:1      | Hubris850 the Minotaur Fighter began the quest for the Orb.
     0 | D:1      | Reached XP level 1. HP: 19/19 MP: 0/0
   272 | D:1      | Reached XP level 2. HP: 27/27 MP: 1/1
   558 | D:1      | Reached skill level 4 in Shields
   943 | D:2      | Reached XP level 3. HP: 26/33 MP: 2/2
  1726 | D:2      | Noticed Robin
  1729 | D:2      | Reached XP level 4. HP: 37/40 MP: 3/3
  1738 | D:2      | Killed Robin
  2066 | D:3      | Noticed Natasha
  2073 | D:3      | Killed Natasha
  2074 | D:3      | Reached skill level 5 in Shields
  2148 | D:3      | Noticed Grinder
  2162 | D:3      | Slain by Grinder

Illustrated notes

Levels and vault maps discovered:
D:1:      dpeg_arrival_simpleton_c, layout_basic
D:2:      layout_basic, uniq_robin
D:3:      layout_loops_ring, mainiacjoe_overflow_24_doors, serial_shops, shop,
          corexii_hall_statues_s, st_stairs_6, minmay_puff, uniq_grinder,
          uniq_natasha, uniq_terence, uniq_sigmund

Skill      XL: |  1  2  3  4 |
---------------+-------------+-----
Armour         | 4 |  4.0
Fighting       | 4 |  4.0
Shields        | 4 5 |  5.0
Unarmed Combat | 3 4 |  4.3

Action                   |  1- 3 |  4- 6 || total
-------------------------+-------+-------++-------
Melee: Unarmed           |    24 |       ||    24
       Headbutt          |     8 |     4 ||    12
       Whip              |    72 |    50 ||   122
       Dagger            |     7 |       ||     7
Throw: Boomerang         |       |     1 ||     1
  Use: Potion            |     1 |       ||     1
Armor: Scale mail        |    41 |    19 ||    60
Dodge: Dodged            |    33 |    14 ||    47
Block: Buckler           |    15 |    10 ||    25

Table legend: (Time is in decaauts)
 A = Elapsed time spent in this place.
 B = Non-inter-level travel time spent in this place.
 C = Inter-level travel time spent in this place.
 D = Time resting spent in this place.
 E = Time spent auto-exploring this place.
 F = Levels seen in this place.
 G = Mean time per level.
                   A        B        C        D        E       F      G
               +--------+--------+--------+--------+--------+-----+--------+
         Total |   2178 |   2097 |     81 |     67 |   1682 |   3 |  726.0 |
       Dungeon |   2178 |   2097 |     81 |     67 |   1682 |   3 |  726.0 |
               +--------+--------+--------+--------+--------+-----+--------+

Top non-repeatable levels by time:
     D:2: 1146 daAuts
     D:1: 919 daAuts
     D:3: 112 daAuts
